Cogmind - Beta 17 @@@ ROGUE MODE // 2026.07.12 @ 11:10:35 Player: Minty Result: Destroyed by G-47 Trooper with Particle Gun Performance ------------- Evolutions (0) 0 Regions Visited (2) 400 Robots Destroyed (9) 45 Value Destroyed (87) 87 Prototype IDs (2) 40 Alien Tech Used (0) 0 Bonus (0) 0 TOTAL SCORE: 572 Bonus ------- None Cogmind --------- Core Integrity 0/250 Matter 268/300 Energy 100/100 System Corruption 0% Temperature Cool (9) Movement Core (50) Location -10/Mines Parts ------- > --- POWER (1) -------- (None) > --- PROPULSION (2) --- (None) > --- UTILITY (2) ------ Disposable Heat Sink > --- WEAPON (2) ------- Light Assault Rifle > --- INVENTORY (5) ---- Light Ion Engine Aluminum Leg Wheel Wheel Peak State ------------ > --- POWER ------------ Ion Engine > --- PROPULSION ------- Aluminum Leg Improved Aluminum Leg > --- UTILITY ---------- Disposable Heat Sink Small Storage Unit > --- WEAPON ----------- Particle Gun Particle Gun > --- INVENTORY -------- Light Ion Engine Light Treads Light Treads Aluminum Leg Wheel Wheel Compact Wheel Light Assault Rifle [Rating: 11] Favorites ----------- Power Ion Engine Engine Ion Engine Propulsion Aluminum Leg Leg Aluminum Leg Utility Small Storage Unit Device Disposable Heat Sink Storage Small Storage Unit Weapon Particle Gun Energy Gun Particle Gun Ballistic Gun Light Assault Rifle Build | -11 -10 -10 ------- Run | Yrd Mat Min Slots Evolved . | . . . Power . | . . . Propulsion . | . . . Utility . | . . . Weapon . | . . . Parts Attached 6 | 1 4 1 Power . | . . . Engine . | . . . Core . | . . . Reactor . | . . . Propulsion 1 | . 1 . Treads . | . . . Leg 1 | . 1 . Wheel . | . . . Hover . | . . . Flight . | . . . Utility 1 | . 1 . Device 1 | . 1 . Storage . | . . . Processor . | . . . Hackware . | . . . Protection . | . . . Artifact . | . . . Weapon 4 | 1 2 1 Energy Gun 2 | . 2 . Energy Cannon . | . . . Ballistic Gun 2 | 1 . 1 Ballistic Cannon . | . . . Launcher . | . . . Special Weapon . | . . . Impact Weapon . | . . . Slashing Weapon . | . . . Piercing Weapon . | . . . Special Melee Weapon . | . . . Unidentified Prototypes . | . . . Parts Lost 4 | . . 4 Power 1 | . . 1 Propulsion 2 | . . 2 Utility . | . . . Weapon 1 | . . 1 Highest Loss Streak 4 | . . 4 To Critical Strikes . | . . . Average Backups 6 | 6 7 6 Power 1 | 1 1 1 Propulsion 4 | 4 5 4 Utility . | . . . Weapon . | 1 1 . Tool/Special . | . . . Unused Backups 12 | 4 . 8 Power 3 | 1 . 2 Propulsion 8 | 2 . 6 Utility 1 | 1 . . Weapon . | . . . Tool/Special . | . . . Average Slot Usage (%) 79 | . 93 65 Engine 10 | . 14 7 Leg 22 | . 28 16 Device 10 | . 7 14 Storage 10 | . 14 7 Energy Gun 14 | . 14 14 Ballistic Gun 9 | . 14 4 Peak Build Rating 11 | 6 11 11 Average Rating 7 | 5 8 7 On Entrance 7 | 6 6 11 Avg Prop Armor Cover (%) 28 | . . 28 Naked Turns . | . . . Heaviest Build 17 | 13 17 17 Greatest Support 23 | 20 23 23 Greatest Overweight (x) . | . . . Average Overweight (x) . | . . . Largest Inventory Capacity 8 | 8 8 8 Average Capacity 7 | 8 8 6 Most Carried 8 | 7 8 8 Average Carried 6 | 6 7 6 Final Capacity 8 | 8 8 5 Final Carried 8 | 7 8 4 Class Distribution -------------------- 100% | Mutant Dominant Class ---------------- Mutant | -10/Materials Mutant | -10/Mines Resources | -11 -10 -10 ----------- Run | Yrd Mat Min Matter Collected 225 | 200 . 25 Remotely . | . . . Salvage Created 128 | 14 . 114 Parts 17 | 4 . 13 Haulers Intercepted . | . . . Recyclers Shooed . | . . . Parts Field Recycled . | . . . Retrieved Matter . | . . . Parts Self-Destructed . | . . . Prevented . | . . . Parts Restored . | . . . Kills | -11 -10 -10 ------- Run | Yrd Mat Min Combat Hostiles Destroyed 8 | . . 8 Guns 8 | . . 8 Classes Destroyed 2 | 1 . 1 Tunneler 1 | 1 . . Swarmer 8 | . . 8 Best Kill Streak 3 | 1 . 3 Combat Bots Only 3 | . . 3 Max Kills in Single Turn 1 | 1 . 1 Gunslinging . | . . . Exploded . | . . . Melee . | . . . Uniques/NPCs Destroyed . | . . . Combat | -11 -10 -10 -------- Run | Yrd Mat Min Hostile Shots Fired 67 | . . 67 Missed 10 | . . 10 Hits 57 | . . 57 Projectile 57 | . . 57 AOE 11 | . . 11 Damage Taken 784 | . . 784 Core 258 | . . 258 Absorbed by Shields . | . . . Core Remaining (%) 100 | 100 . . Volleys Fired 27 | 1 . 26 Largest 2 | 2 . 2 Hottest 130 | 40 . 130 Shots Fired 40 | 2 . 38 Gun 40 | 2 . 38 Cannon . | . . . Launcher . | . . . Special . | . . . Kinetic 15 | 2 . 13 Thermal 25 | . . 25 Explosive . | . . . Electromagnetic . | . . . Robot Hit Streak 6 | 1 . 6 Robot Miss Streak 5 | . . 5 Penetration Max . | . . . Secondary Targets 3 | . . 3 Max Gunslinging Chain 1 | . . 1 Shots Hit Robots 21 | 1 . 20 Core Hits 11 | 1 . 10 Critical Kills . | . . . Critical Parts Destroyed . | . . . Critical Strikes . | . . . Melee Attacks . | . . . Impact . | . . . Slashing . | . . . Piercing . | . . . Sneak Attacks . | . . . Combat Hostiles . | . . . Follow-up Attacks . | . . . Damage Inflicted 302 | 15 . 287 Guns 302 | 15 . 287 Cannons . | . . . Explosions . | . . . Melee . | . . . Ramming . | . . . Kinetic 83 | 15 . 68 Thermal 219 | . . 219 Explosive . | . . . Electromagnetic . | . . . Impact . | . . . Slashing . | . . . Piercing . | . . . Highest Corruption . | . . . Average Corruption . | . . . Corruption Purged . | . . . Corruption Blocked . | . . . Overload Shots . | . . . Overflow Damage . | . . . Projectiles . | . . . Explosions . | . . . Melee . | . . . Knockbacks . | . . . Impact . | . . . Kinetic . | . . . Secondary . | . . . Self-Inflicted Damage . | . . . Shots . | . . . Rammed . | . . . Targets Rammed . | . . . Kicked . | . . . Crushed . | . . . Highest Temperature 199 | . . 199 Average Temperature 127 | . . 127 Received Heat Transfer 21 | . . 21 Siege Activations . | . . . Martial Activations . | . . . Shielding Activations . | . . . Robots Disrupted . | . . . Combat Hostiles . | . . . Robots Corrupted . | . . . Combat Hostiles . | . . . Parts Fried . | . . . Impact Corruptions . | . . . Robots Melted . | . . . Combat Hostiles . | . . . Parts Melted 1 | . . 1 Heat Transferred 518 | . . 518 Parts Sabotaged . | . . . Parts Stolen . | . . . Parts Stripped . | . . . Power Chain Reactions . | . . . Alert | -11 -10 -10 ------- Run | Yrd Mat Min Maximum Alert Level . | . . . Low Security (%) 100 | 100 100 100 Level 1 . | . . . Level 2 . | . . . Level 3 . | . . . Level 4 . | . . . Level 5 . | . . . High Security . | . . . Max Security . | . . . Peak Influence 130 | 5 12 130 Initial . | . . . Average 27 | . 1 69 Influence Increases 237 | 5 12 220 Destroy 0b10 Robot/C 160 | . . 160 Destroy 0b10 Robot/NC 5 | 5 . . Destroy Leader 30 | . . 30 Successful Hack 12 | . 12 . Lose Combat Pursuer 30 | . . 30 Influence Decreases 127 | 5 12 110 Time Decay 87 | 5 12 70 Lost Part 40 | . . 40 Squads Dispatched . | . . . Investigation . | . . . Extermination . | . . . Reinforcement . | . . . Assault . | . . . Garrison . | . . . Intercept . | . . . Searches Triggered . | . . . Construction Impeded . | . . . Haulers Reinforced . | . . . Active Scanning Responses . | . . . Cargo Convoy Interrupts . | . . . Stealth | -11 -10 -10 --------- Run | Yrd Mat Min Distress Signals . | . . . Communications Jammed . | . . . Distress Signals . | . . . Times Spotted 16 | . . 16 Peak Tracking Total 5 | . . 5 Tactical Retreats 1 | . . 1 Traps | -11 -10 -10 ------- Run | Yrd Mat Min Traps Triggered . | . . . Indirectly . | . . . Trap Hack Attempts . | . . . Triggered . | . . . Disarmed . | . . . Reprogrammed . | . . . Reused . | . . . Traps Extracted . | . . . Installed . | . . . Triggered . | . . . Machines | -11 -10 -10 ---------- Run | Yrd Mat Min Machines Disabled . | . . . Max in Single Turn . | . . . Machines Repaired . | . . . Machines Dismantled . | . . . Machines Sabotaged . | . . . Overloaded Fab Kills . | . . . Hacking | -11 -10 -10 --------- Run | Yrd Mat Min Machines Accessed 1 | . 1 . Terminals 1 | . 1 . Fabricators . | . . . Repair Stations . | . . . Recycling Units . | . . . Scanalyzers . | . . . Garrison Access . | . . . Total Hacks 4 | . 4 . Successful 2 | . 2 . Failed 2 | . 2 . Catastrophic . | . . . Database Lockouts . | . . . Manual . | . . . Terminals 4 | . 4 . Fabricators . | . . . Repair Stations . | . . . Recycling Units . | . . . Scanalyzers . | . . . Garrison Access . | . . . Terminal Hacks 2 | . 2 . Prototype ID Bank 1 | . 1 . Registered Components 1 | . 1 . Fabricator Hacks . | . . . Repair Station Hacks . | . . . Recycling Unit Hacks . | . . . Scanalyzer . | . . . Garrison Access Hacks . | . . . Unauthorized Hacks . | . . . Terminals . | . . . Fabricators . | . . . Repair Stations . | . . . Recycling Units . | . . . Scanalyzers . | . . . Garrison Access . | . . . Data Cores Recovered . | . . . Used . | . . . Hacking Detections 1 | . 1 . Full Trace Events . | . . . Feedback Events . | . . . Feedback Blocked . | . . . Robot Schematics Acquired . | . . . Robots Built . | . . . Authchips . | . . . Time . | . . . Total Robot Build Rating . | . . . Part Schematics Acquired . | . . . Parts Built . | . . . Authchips . | . . . Time . | . . . Total Part Build Rating . | . . . Part Studies Acquired . | . . . Parts Repaired . | . . . Time . | . . . Parts Recycled . | . . . Recycled Matter . | . . . Retrieved Matter . | . . . Retrieved Components . | . . . Parts Scanalyzed . | . . . Part Schematics Acquired . | . . . Parts Damaged . | . . . Bothacking | -11 -10 -10 ------------ Run | Yrd Mat Min Used RIF Installer . | . . . Robots Hacked . | . . . Non-combat . | . . . Combat . | . . . Robot Hacks Applied . | . . . Relay Couplers Released . | . . . Fabnet Peak Effective % . | . . . Robots Rewired . | . . . Allies Hacked . | . . . Hacks Repelled . | . . . Allies | -11 -10 -10 -------- Run | Yrd Mat Min Total Allies . | . . . Largest Group . | . . . Highest-Rated Group . | . . . Highest-Rated Ally . | . . . Total Orders . | . . . Ally Attacks . | . . . Total Damage . | . . . Kills . | . . . Allies Corrupted . | . . . Allies Melted . | . . . Intel | -11 -10 -10 ------- Run | Yrd Mat Min Active Infowar (turns) . | . . . Robot Analysis Total . | . . . Derelict Logs Recovered . | . . . Drone Launches . | . . . Drone Recoveries . | . . . Exploration | -11 -10 -10 ------------- Run | Yrd Mat Min Turns Passed 383 | 83 152 148 Spaces Moved 309 | 65 122 122 Core 91 | . . 91 Treads . | . . . Legs 218 | 65 122 31 Wheels . | . . . Hover . | . . . Flight . | . . . Fastest Speed 50 | 120 120 50 Average Speed 99 | 120 120 67 Slowest Speed 120 | 120 120 120 Overloaded Moves . | . . . Propulsion Burnouts . | . . . Robots Hopped . | . . . Potential Cave-ins . | . . . Cave-ins Triggered . | . . . Exploration Rate (%) 17 | 4 20 28 Regions Visited 2 Branch Regions 1 Pre-discovered Areas . | . . . Known Exits Taken . | . . . Unknown Exits Taken 2 | 1 1 . Scrap Searched . | . . . Spaces Dug . | . . . Terrain Destroyed . | . . . Melee . | . . . Projectile . | . . . AOE . | . . . Terrain Rammed . | . . . Walls Destroyed . | . . . Machines Disabled . | . . . Actions | -11 -10 -10 --------- Run | Yrd Mat Min Total 346 | 68 125 153 Wait 2 | . . 2 Move 307 | 64 121 122 Hop . | . . . Pick Up 1 | 1 . . Fast Attach 1 | . 1 . Attach 2 | 1 . 1 Detach 1 | 1 . . Swap 3 | . 3 . Drop 2 | . . 2 Fire 27 | 1 . 26 Melee . | . . . Ram . | . . . Kick . | . . . Crush . | . . . Escape Stasis . | . . . Rewire . | . . . Trap . | . . . Miscellaneous . | . . . Route ------- -11/Scrapyard -10/Materials -10/Mines History --------- Turn | Location | Event 1 | -11/Scrapyard | Discovered new exit (range 3) 84 | -11/Scrapyard | Entered Materials 227 | -10/Materials | Discovered new exit (range 7) 236 | -10/Materials | Entered Mines 263 | -10/Mines | Assembled infested the area 308 | -10/Mines | Build established: Mutant 313 | -10/Mines | Core integrity fell below 50% 355 | -10/Mines | Core integrity fell below 20% 369 | -10/Mines | Lost 4 parts (1p2n1w) 384 | -10/Mines | Destroyed by G-47 Trooper with Particle Gun Last Messages --------------- 00254_ Acquired 16 matter. 00263_ ALERT: Infestation in the mines, dispatching Demolisher response squad. 00286_ R-06 Scavenger collects Lgt. Ion Engine. 00290_ R-06 Scavenger collects Lgt. Assault Rifle. 00298_ S-10 Pest destroyed. 00301_ Switching to secondary target: S-10 Pest. 00303_ R-06 Scavenger collects Flight Unit. 00304_ S-10 Pest destroyed. 00305_ Acquired 9 matter. 00305_ C-45 Heavy ARC bursts open, deploying its payload. 00305_ D-53 Grenadier unfolds itself. 00306_ Ion Engine destroyed. 00306_ Aluminum Leg destroyed. 00308_ Particle Gun destroyed. 00312_ Dropped Particle Gun. 00312_ Dropped Sml. Storage Unit. 00336_ S-10 Pest destroyed. 00338_ Imp. Aluminum Leg destroyed. 00347_ S-10 Pest destroyed. Map ----- +----------------------------------------------------+ | | | | | | | | | | | | | | | | | | | | | | | | | | | | | | | | | | | ????????????????????????????????????? | | ??????##############????????????????? | | ??????# #????????????????? | | ??????# """ """ #????????????????? | | ??????# """ """ #????????????????? | | ??????# """ """ #????????????????? | | ??????# #????????????????? | | ??????# """ """ #????##### g #??? | | ??????# """ """ #????#@ g #??? | | ??????# """ """ #????# ### #??? | | ??????# ###### #?????????? | | ??????# # #?????????? | | ??????##########$ # d#####?????? | | ??????####?????# [%=* #?????? | | ?????? #?????# [ #?????? | | ?????? #?????## #### #?????? | | ??????# #??????# ##??# #?????? | | ??????# ################??# #?????? | | ??????# ## ##?????????# #?????? | | ##????# # ##????????# #?????? | | ##???# #????????# #?###?? | | ##### = #????????# ## ##? | | " =!= #????????# #? | | "%" #????##### #? | | ##### #??### ##? | | ##???# #### #?? | | #????# ## #?? | | ?????# #?? | | ?????# ### ##?? | | ????## ##### ###### #??? | | ????# #??# #????## #??? | | ???# #?????## #?? | | ??# ##??????## #?? | +----------------------------------------------------+ Best States ------------- Heat Dissipation 25 Coolant Potential 50 Energy Generation 10 Energy Capacity 250 Matter Stores 300 Matter Capacity 300 Sight Range 16 Terrain Scan Density 10 Evasion (%) 55 Item Schematics ----------------- None Robot Schematics ------------------ None Fabricated ------------ Nothing Repaired ---------- Nothing Studied --------- None Alien Tech Used ----------------- None Achievements -------------- None Challenges ------------ None Game ------ Seed ColdNeutronClaws Manual? 0 Play Time 00:10:22 Cumulative 1340.9 hours Start 2026.07.12 @ 11:02:44 End 2026.07.12 @ 11:10:35 Sessions 1 Manual Loads 0 Difficulty Rogue Special Mode None Game No. 1643 Rogue 1359 Adventurer 124 Explorer 160 Win Type - Total 67 Types 52/0/9/4/1/0/0/1/0/0 Lore% 93 Gallery% 84 Achievement% 72 Wizard Run 0 Options --------- Layout 0 ASCII 0 Keyboard 0 Movement Mouse Keybinds 0 Fullscreen 2 Font 18/X11 Map View 76x50 Zoom Use 0% Tactical HUD 1 Map Filters NONE Filters NONE Steam 1 RUN: c527b4ab-e672-42ba-ba91-624673a4147a